 Dungeon Crawl Stone Soup version 0.22-a0-601-gb0ed703ee0 (webtiles) character file.

188 grizmgrazm2 the Sneak (level 5, -8/33 HPs)
             Began as an Octopode Transmuter on July 7, 2018.
             Killed by divine providence
             ... invoked by an orc priest
              (14 damage)
             ... on level 5 of the Dungeon.
             The game lasted 00:06:08 (2263 turns).

grizmgrazm2 the Sneak (Octopode Transmuter)         Turns: 2263, Time: 00:06:09

Health: -8/33      AC:  1    Str: 14    XL:     5   Next: 67%
Magic:  7/8        EV: 14    Int: 17    God:
Gold:   80         SH:  0    Dex: 12    Spells: 5/8 levels left

rFire    . . .     SeeInvis .     - Unarmed
rCold    . . .     Gourm    .   (no shield)
rNeg     . . .     Faith    .   (helmet restricted)
rPois    .         Spirit   .   (no amulet)
rElec    .         Reflect  .   (no ring)
rCorr    .         Harm     .   (no ring)
MR       .....                  (no ring)
Stlth    ++++......             (no ring)
HPRegen  0.11/turn              (no ring)
MPRegen  0.11/turn              (no ring)
                                (no ring)
                                (no ring)

@: mighty, appendage (expiring), very slightly contaminated
A: almost no armour, stealthy swim, amphibious, 8 rings, constrict 8, tentacle
spike 3, camouflage 1, gelatinous body 1
a: End Transformation


You were on level 5 of the Dungeon.
You were hungry.
One of your tentacles had a temporary spike.
You visited 1 branch of the dungeon, and saw 5 of its levels.

You collected 80 gold pieces.

Inventory:

Missiles
 a - 64 arrows
Wands
 q - a wand of paralysis (13)
Scrolls
 g - 3 scrolls of remove curse {unknown}
 i - 2 scrolls of fear {unknown}
 k - 2 scrolls of noise {unknown}
 m - a scroll of enchant armour {unknown}
 n - a scroll of blinking {unknown}
 s - a scroll of random uselessness {unknown}
Potions
 d - 2 potions of cancellation
 e - 3 potions of curing
 f - a potion of brilliance
 h - 2 potions of heal wounds
 p - a potion of ambrosia
Comestibles
 c - 9 rations
 l - 4 chunks of flesh


   Skills:
 + Level 1.2 Fighting
 + Level 2.7 Dodging
 * Level 4.3 Stealth
 + Level 4.3 Unarmed Combat
 + Level 2.3 Spellcasting
 + Level 2.3 Transmutations


You had 5 spell levels left.
You knew the following spells:

 Your Spells              Type           Power        Failure   Level  Hunger
a - Beastly Appendage     Tmut           ##....       7%          1    #......
b - Sticks to Snakes      Tmut           ##......     11%         2    ###....

Your spell library contained the following spells:

 Spells                   Type           Power        Failure   Level  Hunger
 Spider Form              Tmut/Pois      #.........   34%         3    ###....
 Blade Hands              Tmut           ##........   89%         5    ######.
 Ice Form                 Ice/Tmut       #.......     75%         4    #####..


Dungeon Overview and Level Annotations

Branches:
Dungeon (5/15)             Temple (0/1) D:5

Altars:
Fedhas
Uskayaw
Zin


Innate Abilities, Weirdness & Mutations

You cannot wear most types of armour.
You are very stealthy in the water. (Stealth+)
You are amphibious.
You can wear up to eight rings at the same time.
You can use your tentacles to constrict eight enemies at once.
Your skin changes colour to match your surroundings (Stealth+).
Your rubbery body absorbs attacks. (AC +1, EV +1)
One of your tentacles bears a large vicious spike.


Message History

You are feeling hungry.
An orc comes into view.
The orc wizard misses you.
You barely miss the orc wizard. You grab the orc wizard.
You pierce the orc wizard!
The orc wizard is severely wounded.
You constrict the orc wizard. The orc wizard hits you with a dagger.
* * * LOW HITPOINT WARNING * * *
The orc wizard closely misses you.
You tentacle-slap the orc wizard.
You kill the orc wizard!
An orc comes into view.
The orc shouts!
Things that are here:
a dagger; a robe; an orc corpse An orc and an orc priest come into view.
The orc priest shouts!
The orc shouts!
The orc priest invokes the aid of Beogh against you.
Beogh smites you!
You die...

*,,,,,,,,* ######### *,,,,,,,,*
#.......# ****,***** #....(..#
*,*############.......# **
*,,..................$# *,
*,,,#..........)))....# *,
****,.#...........<.....# *,
*****,,,,.o..o........†.....#***,
*,,,,,*,,o......@)............,*,
*,,,,,,,,..o.................#***
*,,,,,*,,.#.................##***
,,,,,,,,,,#.............$..##**,,
,,,,,,,,,...............##.#*,,,,
,,,,,,,,,###....#.#####.....,,,,,
,,,,,,,,,**##......,,**###.*,,,**
*,,*,,,,,,,,....###*,,,,,,,,,,***
,,,,,,,,**,****,,,,,,,,,,,,**** *


You could see an orc priest and 3 orcs.

Vanquished Creatures
  2 orc wizards (D:5)
  A hound zombie (D:3)
  5 adders
  An ooze (D:1)
  A worm (D:3)
  A leopard gecko (D:2)
  5 orcs
  A ball python (D:1)
  3 giant cockroaches
  8 goblins
  3 hobgoblins
  5 jackals
  8 kobolds
  6 bats
  6 frilled lizards
  8 rats
64 creatures vanquished.

Notes
Turn   | Place    | Note
-------+----------+-------------------------------------------
     0 | D:1      | grizmgrazm2 the Octopode Transmuter began the quest for the Orb.
     0 | D:1      | Reached XP level 1. HP: 13/13 MP: 3/3
   296 | D:1      | Reached XP level 2. HP: 18/18 MP: 5/5
   300 | D:1      | Learned a level 2 spell: Sticks to Snakes
   382 | D:1      | Reached skill level 1 in Stealth
   742 | D:2      | Reached XP level 3. HP: 21/23 MP: 6/6
   840 | D:2      | Found a glowing silver altar of Zin.
   924 | D:2      | Noticed a dagger
   924 | D:2      | Noticed a dagger
   938 | D:2      | Found a hide-covered altar of Uskayaw.
   967 | D:2      | Found a blossoming altar of Fedhas.
  1295 | D:3      | Reached XP level 4. HP: 28/28 MP: 5/7
  2057 | D:3      | Reached XP level 5. HP: 32/33 MP: 8/8
  2231 | D:4      | Noticed a phantom
  2244 | D:5      | Entered Level 5 of the Dungeon
  2263 | D:5      | Killed from afar by an orc priest

Vault maps used:
D:1:      dpeg_arrival_ternary
D:2:      zin_scriptorium, dancing_weapons_uskayaw, lemuel_round_altar
D:3:      kennysheep_generic_room_5
D:4:      uniq_menkaure
D:5:      fiery_altar_vehumet, kennysheep_little_box,
          minmay_temple_entry_statues_fountains, portal_sewer_entry_f,
          first_ration

Skill      XL: |  1  2  3  4  5 |
---------------+----------------+-----
Stealth        | 1 3 4 |  4.3
Unarmed Combat | 4 |  4.3
Fighting       | |  1.2
Dodging        | |  2.7
Spellcasting   | |  2.3
Transmutations | |  2.3

Action                   |  1- 3 |  4- 6 || total
-------------------------+-------+-------++-------
Melee: Unarmed           |    75 |    72 ||   147
       Constrict         |    17 |    17 ||    34
       Tentacles         |    13 |     7 ||    20
       Punch             |     2 |       ||     2
       Kick              |     1 |    12 ||    13
 Cast: Beastly Appendage |     2 |     6 ||     8
       Sticks to Snakes  |     1 |       ||     1
  Use: Scroll            |       |     8 ||     8
       Potion            |       |     1 ||     1
 Stab: Sleeping          |    10 |     5 ||    15
  Eat: Chunk             |     1 |     3 ||     4
Armor: Skin              |     6 |     6 ||    12
Dodge: Dodged            |    53 |    35 ||    88

Table legend:
 A = Spawn XP
 B = Non-spawn XP
 C = Spawn XP percentage of total XP
 D = Spawn monster count
 E = Non-spawn monster count
 F = Spawn count percentage of total count
 G = Total turns spent on level
                    A         B        C        D         E        F      G
               +---------+---------+-------+---------+---------+-------+---------
         Total |       0 |     269 |   0.0 |       0 |      64 |   0.0 |  2263
               +---------+---------+-------+---------+---------+-------+---------
           D:1 |       0 |      27 |   0.0 |       0 |      16 |   0.0 |   715
           D:2 |       0 |      39 |   0.0 |       0 |      14 |   0.0 |   465
           D:3 |       0 |     101 |   0.0 |       0 |      28 |   0.0 |  1033
           D:5 |       0 |     102 |   0.0 |       0 |       6 |   0.0 |    19
               +---------+---------+-------+---------+---------+-------+---------
